 Dungeon Crawl Stone Soup version 0.30-b1-2-g02819fbbbe (webtiles) character file.

Game seed: 6891410640586392324

2019 MisterFreud the Transmogrifier (level 9, -12/85 HPs)
             Began as a Grey Draconian Transmuter on June 30, 2023.
             Was an Initiate of Ru.
             Mangled by a two-headed ogre
             ... wielding a +0 giant spiked club
              (30 damage)
             ... on level 6 of the Dungeon.
             The game lasted 00:10:56 (6332 turns).

MisterFreud the Transmogrifier (DrTm)               Turns: 6332, Time: 00:10:57

Health: -12/85     AC:  7    Str: 13    XL:     9   Next: 3%
Magic:  8/12       EV: 16    Int: 15    God:    Ru [......]
Gold:   236        SH:  0    Dex: 14    Spells: 4/12 levels left

rFire   x .          .
                       - Unarmed
rCold   + + +        (shield currently unavailable)
rNeg    . . .        (body armour unavailable)
rPois   +            (helmet currently unavailable)
rElec   .            (cloak currently unavailable)
rCorr   .            g - melded +2 pair of gloves {Str+3}
SInv    .            (boots currently unavailable)
Will    .....        (no amulet)
Stlth   +            s - +5 ring of evasion
HPRegen 0.34/turn    o - ring of poison resistance
MPRegen 0.13/turn

%: no passive effects
@: ice-form, weakened
A: freezing attack, boosted hp, AC +12, amphibious, large, unfitting armour,
(cold-blooded)
a: End Transformation, Renounce Religion


You were on level 6 of the Dungeon.
You worshipped Ru.
Ru was noncommittal.
You were a creature of crystalline ice.
You visited 2 branches of the dungeon, and saw 7 of its levels.

You collected 236 gold pieces.

Inventory:

Missiles
 b - 16 poisoned darts
 j - 6 boomerangs of dispersal
Armour
 g - a +2 pair of gloves of strength (melded)
Jewellery
 o - a ring of poison resistance (right front paw)
 s - a +5 ring of evasion (left front paw)
 t - a ring of magical power
Wands
 m - a wand of iceblast (8)
 n - a wand of charming (12)
Scrolls
 i - 2 scrolls of teleportation
 k - 2 scrolls of enchant weapon
 l - a scroll of identify
 r - a scroll of enchant armour
 u - a scroll of magic mapping {unknown}
Potions
 a - a potion of lignification
 c - a potion of flight
 d - a potion of attraction {unknown}
 e - a potion of resistance
 f - a potion of berserk rage
 h - 4 potions of magic
 q - 3 potions of mutation {unknown}


   Skills:
 - Level 4.0 Fighting
 + Level 4.5 Dodging
 - Level 6.0 Unarmed Combat
 - Level 2.0 Spellcasting
 - Level 8.0 Transmutations
 - Level 4.0 Ice Magic


You had 4 spell levels left.
You knew the following spells:

 Your Spells              Type           Power      Damage    Failure   Level
a - Beastly Appendage     Tmut           50%        N/A       1%          1
b - Spider Form           Tmut/Pois      13%        N/A       13%         3
c - Ice Form              Ice/Tmut       19%        N/A       19%         4

Your spell library contained the following spells:

 Spells                   Type           Power      Damage    Failure   Level
 Wereblood                Tmut           25%        N/A       1%          2
 Poisonous Vapours        Pois/Air       2%         N/A       32%         2
 Mephitic Cloud           Conj/Pois/Air  1%         N/A       54%         3
 Stone Arrow              Conj/Erth      2%         3d7       54%         3
 Freezing Cloud           Conj/Ice/Air   2%         6-21      98%         5
 Lehudib's Crystal Spear  Conj/Erth      0%         10d2      100%        8
 Animate Armour           Summ/Erth      Unusable   N/A       N/A         4

Dungeon Overview and Level Annotations

Branches:
Dungeon (6/15)             Temple (1/1) D:4

Altars:
Ashenzari
Cheibriados
Fedhas
Gozag
Hepliaklqana
Makhleb
Nemelex Xobeh
Okawaru
Qazlal
Ru
Sif Muna
Trog
Vehumet
Xom
Zin

Shops:
D:4 (

Annotations:
D:5 5 runed translucent doors


Innate Abilities, Weirdness & Mutations

You are a creature of crystalline ice.
You have a powerful freezing melee attack.
Your maximum health is increased.
Your armour is entirely melded.
You are incapable of wielding weapons or throwing items.
((Your dull iron-grey scales are very hard. (AC +12)))
You are amphibious.
You cannot fit into any form of body armour.
((You are cold-blooded and may be slowed by cold attacks.))


Message History

You kill Sigmund!
An orc wizard comes into view. It is wielding a +0 dagger.
An orc comes into view. It is wielding a +0 dagger.
The gnoll completely misses you.
Your Dodging skill increases to level 4!
You have reached level 9!
Your experience leads to an increase in your attributes!
Increase (S)trength, (I)ntelligence, or (D)exterity?
You feel agile. x2; Your scales feel tougher.
You hit the gnoll. You freeze the gnoll.
The gnoll is moderately wounded.
The gnoll closely misses you.
You punch the gnoll! You freeze the gnoll.
You kill the gnoll!
The gnoll misses you. The gnoll closely misses you.
The gnoll bouda gazes fiercely through you!
You feel your attacks grow feeble.
You hit the gnoll but do no damage. The gnoll misses you.
The gnoll completely misses you.
The gnoll bouda gazes fiercely through you!
You feel as though you will be weak longer.
You hit the gnoll but do no damage. The gnoll barely misses you.
The gnoll closely misses you.
You hit the gnoll but do no damage. The gnoll hits you with a +0 whip.
The gnoll attacks as you move away! The gnoll misses you.
You punch the gnoll! You freeze the gnoll.
The gnoll is severely wounded.
You punch the gnoll! You freeze the gnoll.
You kill the gnoll!
You hit the two-headed ogre. You freeze the two-headed ogre.
The two-headed ogre is lightly wounded.
The two-headed ogre hits you with a +0 giant spiked club!!
The two-headed ogre closely misses you.
You punch the two-headed ogre! You freeze the two-headed ogre.
The two-headed ogre is moderately wounded.
The gnoll hits you from afar with a +0 spear.
The two-headed ogre hits you with a +0 giant spiked club!!
* * * LOW HITPOINT WARNING * * *
The two-headed ogre hits you with a +0 giant club!!
You die...

#..............#.#
#..............#.#
#...†...########.#
#...)...# #.#
.............. #.#
.............. #.#
.............. #.#
.............. #.#
.....)######## #Y#
......# #O#
......# #g#
......# #go#
......## o.g##
.......# ..o.g
#.####.# #...o..
#.# ....... #.#
>.....?


You could see a two-headed ogre, a gnoll bouda, 3 gnolls and an orc.

Vanquished Creatures
  Grinder (D:5)
  Sigmund (D:6)
  Menkaure (D:6)
  A water moccasin (D:5)
  Duvessa (D:6)
  A black bear (D:6)
  An ice beast (D:5)
  3 ogres
  A phantom (D:6)
  Blork the orc (D:6)
  A bullfrog (D:6)
  2 scorpions
  Dowan (D:6)
  A jelly (D:5)
  A hound (D:5)
  2 orc priests
  An iguana (D:4)
  Ijyb (D:5)
  2 sleepcaps (D:6)
  An orc wizard (D:5)
  Robin (D:4)
  7 gnolls
  9 adders
  An ufetubus (D:5)
  2 worms
  2 dart slugs
  16 orcs
  A bat (D:1)
  5 endoplasms
  3 giant cockroaches
  18 goblins
  11 hobgoblins
  4 jackals (D:2)
  5 quokkas
  3 ball pythons
  4 frilled lizards
  11 kobolds
  7 rats
135 creatures vanquished.

Vanquished Creatures (others)
  A plant (D:4)
1 creature vanquished.

Grand Total: 136 creatures vanquished

Notes
Turn   | Place    | Note
-------+----------+-------------------------------------------
     0 | D:1      | MisterFreud the Draconian Transmuter began the quest for
                  | the Orb.
     0 | D:1      | Reached XP level 1. HP: 16/16 MP: 3/3
   159 | D:1      | Reached XP level 2. HP: 21/23 MP: 5/5
   275 | D:1      | Reached skill level 3 in Transmutations
   742 | D:2      | Reached XP level 3. HP: 14/28 MP: 6/6
   829 | D:2      | Learned a level 3 spell: Spider Form
  1022 | D:2      | Reached skill level 4 in Transmutations
  1205 | D:2      | Found a faded altar of an unknown god.
  1256 | D:2      | Reached XP level 4. HP: 16/35 MP: 7/7
  1854 | D:3      | Reached skill level 5 in Transmutations
  1949 | D:3      | Found a shimmering altar of Xom.
  2179 | D:3      | Reached XP level 5. HP: 29/41 MP: 8/8
  2597 | D:4      | Found a staircase to the Ecumenical Temple.
  2947 | D:4      | Found a burning altar of Makhleb.
  3026 | D:4      | Reached XP level 6. HP: 28/51 MP: 2/9
  3117 | D:4      | Found an opulent altar of Gozag.
  3280 | D:4      | Identified the +1 helmet of Buimif {Int+3}
  3280 | D:4      | Noticed Robin
  3309 | D:4      | Killed Robin
  3684 | D:4      | Found Lab Alin's Weapon Boutique.
  3756 | Temple   | Entered the Ecumenical Temple
  3783 | Temple   | Became a worshipper of Ru the Awakened
  3813 | D:5      | Entered Level 5 of the Dungeon
  3826 | D:5      | Noticed Ijyb
  3838 | D:5      | Noticed a water moccasin
  3843 | D:5      | Killed Ijyb
  3996 | D:5      | Learned a level 4 spell: Ice Form
  4061 | D:5      | Killed a water moccasin
  4062 | D:5      | Reached skill level 5 in Unarmed Combat
  4062 | D:5      | Reached skill level 1 in Ice Magic
  4062 | D:5      | Your scales start taking on a dull iron-grey colour.
  4062 | D:5      | Reached XP level 7. HP: 44/59 MP: 7/10
  4443 | D:5      | Found the dreamshard necklace {*Dream Drain}
  4722 | D:5      | Noticed Grinder
  4742 | D:5      | Paralysed by Grinder for 2 turns
  4746 | D:5      | HP: 1/59 [gnoll/+0 spear (6)]
  5016 | D:5      | Paralysed by Grinder for 3 turns
  5036 | D:5      | Paralysed by Grinder for 3 turns
  5047 | D:5      | Paralysed by Grinder for 3 turns
  5057 | D:5      | Killed Grinder
  5058 | D:5      | Reached skill level 6 in Transmutations
  5058 | D:5      | Reached XP level 8. HP: 45/66 MP: 8/11
  5155 | D:5      | Found a runed translucent gate.
  5158 | D:5      | Found a runed translucent gate.
  5158 | D:5      | Found a runed translucent gate.
  5168 | D:5      | Found a runed translucent door.
  5175 | D:5      | Found the +9 staff of Olgreb {rPois∞}
  5187 | D:5      | Found a runed translucent door.
  5218 | D:5      | Found a shimmering blue altar of Sif Muna.
  5632 | D:6      | Noticed Blork the orc
  5641 | D:6      | Killed Blork the orc
  5645 | D:6      | Reached skill level 7 in Transmutations
  5701 | D:6      | Noticed Duvessa
  5713 | D:6      | HP: 3/66 [Duvessa/+0 short sword of venom (11)]
  5716 | D:6      | Killed Duvessa
  5786 | D:6      | Noticed Dowan
  5798 | D:6      | Killed Dowan
  5916 | D:6      | Noticed Menkaure
  5927 | D:6      | Killed Menkaure
  5928 | D:6      | Reached skill level 8 in Transmutations
  6316 | D:6      | Noticed Sigmund
  6318 | D:6      | Noticed a two-headed ogre
  6321 | D:6      | Killed Sigmund
  6322 | D:6      | Reached XP level 9. HP: 71/71 MP: 7/12
  6332 | D:6      | Mangled by a two-headed ogre

Illustrated notes

Levels and vault maps discovered:
D:1:      dpeg_arrival_boxorama, layout_basic, chequers_serial_rivers_small_b
D:2:      layout_loops_ring, shapermc_ecumenical_altar_gd
D:3:      layout_basic, mainiacjoe_overflow_catwalk
D:4:      corexii_shack_village, layout_gridville, mainiacjoe_overflow_alcove_4,
          grunt_gozag_breadcrumbs, minmay_temple_entry_overgrown, serial_shops,
          shop, kennysheep_generic_room_14, uniq_robin
D:5:      layout_basic, kennysheep_little_box,
          minmay_guarded_unrand_staff_of_olgreb, uniq_ijyb, uniq_grinder
D:6:      layout_basic, uniq_crazy_yiuf_cottage, uniq_blork_the_orc,
          uniq_duvessa, uniq_menkaure, uniq_sigmund
Temple:   nicolae_temple_ecumenical_triangle

Skill      XL: |  1  2  3  4  5  6  7  8 |
---------------+-------------------------+-----
Transmutations | 3 4 5 6 8 |  8.0
Fighting       | 3 4 |  4.0
Unarmed Combat | 4 5 6 |  6.0
Ice Magic      | 1 3 4 |  4.0
Dodging        | 4 |  4.5
Spellcasting   | |  2.0

Action                     |  1- 3 |  4- 6 |  7- 9 || total
---------------------------+-------+-------+-------++-------
  Melee: Unarmed           |   167 |   231 |   127 ||   525
         Tailslap          |    17 |    17 |       ||    34
         Punch             |     1 |     3 |       ||     4
         Kick              |     4 |       |       ||     4
         Headbutt          |     1 |       |       ||     1
   Cast: Beastly Appendage |     1 |       |       ||     1
         Spider Form       |       |    11 |    10 ||    21
         Ice Form          |       |       |     6 ||     6
  Evoke: Wand              |       |       |     2 ||     2
    Use: Scroll            |     3 |     9 |     4 ||    16
         Potion            |       |     1 |     2 ||     3
   Stab: Sleeping          |       |     2 |       ||     2
 Armour: Skin              |    48 |    60 |    13 ||   121
  Dodge: Dodged            |    99 |   159 |   133 ||   391
